[Event "ICC Open 2015"]
[Site "Internet Chess Club"]
[Date "2015.05.30"]
[Round "2"]
[White "TheLoneKing1"]
[Black "perronegro"]
[Result "1-0"]
[ICCResult "Black checkmated"]
[WhiteElo "1962"]
[BlackElo "1605"]
[Opening "Sicilian: dragon, classical, Nottingham variation"]
[ECO "B72"]
[NIC "SI.25"]
[Time "14:16:04"]
[TimeControl "180+0"]

1. e4 c5 2. Nf3 d6 3. d4 cxd4 4. Nxd4 Nc6 5. Nc3 Nf6 6. Be2 g6 7. Be3 Bg7 8.
Nb3 Bd7 9. Qd2 O-O 10. O-O-O a6 11. f3 Rc8 12. g4 Ne5 13. h4 Nc4 14. Bxc4
Rxc4 15. h5 Bh8 16. hxg6 fxg6 17. g5 Nh5 18. Qd5+ e6 19. Qxc4 Rxf3 20. Bd4
Qxg5+ 21. Kb1 b5 22. Qc7 Be8 23. Bxh8 Kxh8 24. Qxd6 Bf7 25. Qd8+ Qxd8 26.
Rxd8+ Kg7 27. Nc5 Ng3 28. Rhd1 h5 29. R8d7 b4 30. Nxe6+ Kf6 31. Nd4 Rf2 32.
Nd5+ Bxd5 33. exd5 Ke5 34. Re7+ Kf6 35. Re6+ Kf7 36. d6 a5 37. d7 b3 38.
cxb3 Ne2 39. Rxe2 Rxe2 40. Nxe2 g5 41. d8=Q h4 42. Ng1 g4 43. Rf1+ Ke6 44.
Qe8+ Kd5 45. Rd1+ Kc5 46. Qc8+ Kb6 47. Rd6+ Kb5 48. Qc4# {Black checkmated}
1-0

[Event "ICC Open 2015"]
[Site "Internet Chess Club"]
[Date "2015.05.30"]
[Round "2"]
[White "Ancient"]
[Black "Kempka"]
[Result "0-1"]
[ICCResult "White forfeits on time"]
[WhiteElo "2115"]
[BlackElo "2743"]
[Opening "Sicilian: Najdorf"]
[ECO "B90"]
[NIC "SI.14"]
[Time "14:15:54"]
[TimeControl "180+0"]

1. e4 c5 2. Nf3 d6 3. d4 cxd4 4. Nxd4 Nf6 5. Nc3 a6 6. Bd3 Nc6 7. Nxc6 bxc6
8. O-O e5 9. Kh1 Be7 10. f4 O-O 11. fxe5 dxe5 12. Bg5 Be6 13. Ne2 a5 14. Qe1
a4 15. Ng3 a3 16. b3 Nd7 17. Bxe7 Qxe7 18. Nf5 Bxf5 19. Rxf5 Nc5 20. Bc4 g6
21. Rf3 Ne6 22. Qf2 Rad8 23. Rf1 Kg7 24. Qb6 Rd2 25. Bxe6 Qxe6 26. Qb4 Rxc2
27. Qxa3 Qg4 28. Rg1 Rxg2 29. Rxg2 Qxf3 30. Qd6 Qxe4 31. h3 Re8 32. Kh2 Re6
33. Qc7 Qf4+ 34. Kg1 Rf6 35. Qd7 Qe3+ 36. Kh2 Rf2 37. Qg4 e4
{White forfeits on time}
0-1

[Event "ICC Open 2015"]
[Site "Internet Chess Club"]
[Date "2015.05.30"]
[Round "2"]
[White "Chaos23"]
[Black "gsvc"]
[Result "0-1"]
[ICCResult "White resigns"]
[WhiteElo "2027"]
[BlackElo "2622"]
[Opening "Réti opening"]
[ECO "A05"]
[NIC "QP.11"]
[Time "14:16:04"]
[TimeControl "180+0"]

1. Nf3 Nf6 2. g3 b6 3. Bg2 Bb7 4. O-O g6 5. c4 Bg7 6. Nc3 O-O 7. Re1 d5 8.
cxd5 Nxd5 9. e4 Nxc3 10. bxc3 c5 11. d4 cxd4 12. cxd4 Nc6 13. Be3 Rc8 14. d5
Nb4 15. Bd4 Nc2 16. Bxg7 Kxg7 17. Re2 Nxa1 18. Qxa1+ f6 19. Nd4 Qd6 20. Ne6+
Kg8 21. Bh3 Rfe8 22. f4 Qa3 23. Re1 Rc2 24. Nd4 Rxa2 25. Be6+ Kh8 26. Qd1
Qc5 27. Kh1 Qc3 28. e5 Rd8 29. exf6 Rxd5 30. Bxd5 Bxd5+ 31. Kg1 Rg2+ 32. Kf1
Rxh2 33. fxe7 Bc4+ 34. Re2 Bxe2+ 35. Nxe2 Qf3+ 36. Ke1 Rh1+ 37. Kd2 Rxd1+
38. Kxd1 Qd3+ {White resigns} 0-1

[Event "ICC Open 2015"]
[Site "Internet Chess Club"]
[Date "2015.05.30"]
[Round "2"]
[White "pasco84"]
[Black "Chisel"]
[Result "1-0"]
[ICCResult "Black checkmated"]
[WhiteElo "1440"]
[BlackElo "1752"]
[Opening "Center game: Berger variation"]
[ECO "C22"]
[NIC "KP.04"]
[Time "14:16:16"]
[TimeControl "180+0"]

1. e4 e5 2. d4 exd4 3. Qxd4 Nc6 4. Qe3 Nf6 5. Nc3 Bb4 6. Bd2 O-O 7. O-O-O d6
8. Bc4 Be6 9. Bxe6 fxe6 10. f4 d5 11. exd5 exd5 12. Qe6+ Kh8 13. Nf3 Re8 14.
Qh3 d4 15. Nb5 Bxd2+ 16. Rxd2 a6 17. Nbxd4 Nxd4 18. Rxd4 Qe7 19. Ne5 Kg8 20.
Rhd1 c5 21. Rd6 b5 22. g4 Rad8 23. Nc6 Qxd6 24. Nxd8 Qxf4+ 25. Kb1 Ne4 26.
Qd3 Nf2 27. Qd5+ Kh8 28. Nf7+ Kg8 29. Nd6+ Kh8 30. Nxe8 Nxd1 31. Qxd1 Qf7
32. Nd6 Qd7 33. c4 bxc4 34. Kc2 Qa4+ 35. Kc1 Qxa2 36. Nf7+ Kg8 37. Qd5 Qa1+
38. Kc2 Qa4+ 39. Kd2 Qb4+ 40. Ke3 Qb3+ 41. Kf4 Kf8 42. Ne5 g5+ 43. Kf5 Qc2+
44. Ke6 Kg7 45. Qd7+ Kh6 46. Nf7+ Kg6 47. Nh8+ Kh6 48. Nf7+ Kg6 49. Ne5+ Kh6
50. Qf7 Qg6+ 51. Nxg6 hxg6 52. Qf8+ Kh7 53. Kf6 c3 54. Qg7# {Black
checkmated} 1-0

[Event "ICC Open 2015"]
[Site "Internet Chess Club"]
[Date "2015.05.30"]
[Round "2"]
[White "Valai"]
[Black "pierredams"]
[Result "1-0"]
[ICCResult "Black checkmated"]
[WhiteElo "2530"]
[BlackElo "1990"]
[Opening "QGD Slav defense: exchange variation"]
[ECO "D13"]
[NIC "SL.01"]
[Time "14:16:07"]
[TimeControl "180+0"]

1. d4 c6 2. c4 d5 3. cxd5 cxd5 4. Nf3 Nc6 5. Nc3 Nf6 6. Bf4 Qb6 7. Na4 Qb4+
8. Bd2 Qd6 9. e3 e6 10. Bb5 Bd7 11. O-O Rc8 12. Nc5 Qb8 13. Rc1 a6 14. Nxd7
Nxd7 15. Bxc6 Rxc6 16. Rxc6 bxc6 17. Qa4 Qb5 18. Qxb5 cxb5 19. Rc1 Be7 20.
Rc8+ Bd8 21. Ba5 Ke7 22. Bb4+ Ke8 23. Ra8 h5 24. Rxa6 Rh6 25. Ra8 Rh8 26.
Ne5 Nxe5 27. dxe5 Kd7 28. Ba5 g6 29. Kf1 h4 30. Ke2 h3 31. gxh3 Rxh3 32.
Rxd8+ Ke7 33. Rb8 Rxh2 34. Rxb5 g5 35. Rb4 f5 36. exf6+ Kxf6 37. Bc7 Rh1 38.
a4 Ra1 39. a5 Kf5 40. Rb3 e5 41. Ra3 Rb1 42. Ra2 Rc1 43. a6 Rxc7 44. a7 Rc8
45. a8=Q Rxa8 46. Rxa8 g4 47. Ra5 Ke4 48. Ra4+ d4 49. exd4 exd4 50. Kd2 Kd5
51. Kd3 Ke5 52. Rxd4 Kf5 53. b4 Kg5 54. b5 Kh4 55. b6 Kh3 56. b7 Kg2 57.
Rxg4+ Kf1 58. Re4 Kg2 59. b8=Q Kf1 60. Qg8 Kxf2 61. Rf4+ Ke1 62. Qg1#
{Black checkmated}
1-0

[Event "ICC Open 2015"]
[Site "Internet Chess Club"]
[Date "2015.05.30"]
[Round "2"]
[White "VoltesV"]
[Black "livis"]
[Result "1/2-1/2"]
[ICCResult "Game drawn by repetition"]
[WhiteElo "1618"]
[BlackElo "1928"]
[Opening "Queen's pawn"]
[ECO "A40"]
[NIC "QO.17"]
[Time "14:16:07"]
[TimeControl "180+0"]

1. d4 e6 2. Nf3 d5 3. c4 c6 4. e3 f5 5. Ne5 Nf6 6. Nd2 Nbd7 7. Nxd7 Bxd7 8.
Be2 Bd6 9. O-O O-O 10. f4 Ne4 11. Nf3 Qe7 12. c5 Bc7 13. Bd2 Rf6 14. Ne5
Bxe5 15. fxe5 Rh6 16. Rf3 Rf8 17. Be1 Kh8 18. Bg3 g5 19. Bf2 g4 20. Rf4 Nxf2
21. Rxf2 Qh4 22. g3 Qg5 23. Qd3 Rg6 24. Raf1 Rg7 25. Rf4 h5 26. R1f2 h4 27.
Rg2 hxg3 28. hxg3 Rh7 29. Rf1 Kg7 30. Kf2 Be8 31. Rfg1 Bg6 32. Qd2 Rf7 33.
Ke1 Rh3 34. Bd3 Qh6 35. Qf2 Rf8 36. Kd2 Rh8 37. b4 Qg5 38. a4 Qd8 39. Kc3 b6
40. Qb2 bxc5 41. bxc5 Qc7 42. Rb1 Bf7 43. Qb7 Qa5+ 44. Rb4 Rh1 45. Rb2 Rc1+
46. Kd2 Rhh1 47. Qe7 Rcd1+ 48. Kc3 Rc1+ 49. Kb3 Rh6 50. Rb7 Rc3+ 51. Ka2
Qxa4+ 52. Kb1 Qd1+ 53. Ka2 Qa4+ 54. Kb1 Qd1+ 55. Ka2 Qa4+ 56. Kb1 Qd1+ 57.
Ka2 Qa4+ 58. Kb1 {Game drawn by repetition} 1/2-1/2

[Event "ICC Open 2015"]
[Site "Internet Chess Club"]
[Date "2015.05.30"]
[Round "2"]
[White "Svinotigr"]
[Black "Favarin"]
[Result "1-0"]
[ICCResult "Black forfeits on time"]
[WhiteElo "1671"]
[BlackElo "1932"]
[Opening "Réti opening"]
[ECO "A04"]
[NIC "QP.10"]
[Time "14:15:46"]
[TimeControl "180+0"]

1. Nf3 c5 2. d3 d5 3. Nbd2 Nc6 4. e4 dxe4 5. dxe4 e5 6. g3 Nf6 7. Bg2 Bd6 8.
O-O O-O 9. c3 Bg4 10. Re1 Qd7 11. Qe2 Rad8 12. a4 a6 13. Nc4 Bc7 14. Bg5 Qe6
15. Ne3 Bxf3 16. Bxf3 h6 17. Bxf6 Qxf6 18. Nd5 Qd6 19. Rad1 Ne7 20. Ne3 Qf6
21. Bg4 g6 22. h4 Kg7 23. h5 Qg5 24. hxg6 fxg6 25. Kg2 h5 26. Be6 Rf6 27.
Bd5 b6 28. Qxa6 Rdf8 29. Rf1 h4 30. Qe2 hxg3 31. fxg3 Rxf1 32. Rxf1 Rxf1 33.
Nxf1 Nxd5 34. exd5 Qc1 35. Ne3 e4 36. Nc4 Qg5 37. d6 e3 38. dxc7 Qd5+ 39.
Qf3 Qd7 40. Qxe3 Qxc7 41. Qe5+ {Black forfeits on time} 1-0

[Event "ICC Open 2015"]
[Site "Internet Chess Club"]
[Date "2015.05.30"]
[Round "2"]
[White "Sjelan"]
[Black "kava"]
[Result "0-1"]
[ICCResult "White resigns"]
[WhiteElo "2208"]
[BlackElo "2852"]
[Opening "Queen's pawn game"]
[ECO "A46"]
[NIC "QP.06"]
[Time "14:16:05"]
[TimeControl "180+0"]

1. d4 Nf6 2. Nf3 e6 3. c3 b6 4. Bf4 Bb7 5. e3 Be7 6. Nbd2 O-O 7. Be2 c5 8.
O-O cxd4 9. exd4 d6 10. h3 Nbd7 11. Re1 Qc7 12. Bh2 Rfe8 13. Nf1 Bf8 14.
N3d2 a6 15. Bf3 b5 16. Bxb7 Qxb7 17. a3 Nb6 18. Qf3 Qxf3 19. Nxf3 Na4 20.
Re2 Nd5 21. Ne3 Ndb6 22. Rd1 Rec8 23. d5 e5 24. Ng5 Nc4 25. Nxc4 bxc4 26.
Rdd2 Rab8 27. f4 h6 28. Nf3 f6 29. fxe5 dxe5 30. d6 Rd8 31. d7 Rb7 32. Re4
Rbxd7 33. Rxd7 Rxd7 34. Rxc4 Nxb2 35. Rc6 a5 36. Nh4 Bxa3 37. Rc8+ Kh7 38.
Kf1 a4 39. Bg1 Rd1+ 40. Kf2 e4 41. Bh2 Rd7 42. Ke2 g6 43. g4 Be7 44. Ng2 Nd3
45. Ra8 a3 46. Nf4 Bd6 47. Ke3 Bxf4+ 48. Bxf4 Nxf4 49. Kxf4 Rd3 50. Ra7+ Kg8
51. Rxa3 e3 52. Kf3 e2+ 53. Kxe2 Rxh3 54. Ra8+ Kf7 55. Ra7+ Ke6 56. Ra6+ Ke5
57. Kd2 Rg3 58. Ra5+ Kf4 59. Ra4+ Kg5 60. Rd4 Rxg4 61. Rxg4+ Kxg4 62. Kd3 h5
63. c4 Kf5 {White resigns} 0-1

[Event "ICC Open 2015"]
[Site "Internet Chess Club"]
[Date "2015.05.30"]
[Round "2"]
[White "jefferyx"]
[Black "ShadowLike"]
[Result "1-0"]
[ICCResult "Black forfeits on time"]
[WhiteElo "2882"]
[BlackElo "2231"]
[Opening "Polish (Sokolsky) opening"]
[ECO "A00"]
[NIC "VO.10"]
[Time "14:16:07"]
[TimeControl "180+0"]

1. b4 e5 2. a3 d5 3. Bb2 f6 4. e3 c5 5. Nh3 c4 6. f4 e4 7. Nc3 Be6 8. f5 Bf7
9. Nf4 Nc6 10. Be2 Ne5 11. Bh5 g6 12. Be2 gxf5 13. O-O Nh6 14. Bh5 Ng6 15.
Nce2 Be7 16. Nd4 Qd7 17. Be2 Rg8 18. Nh5 Ne5 19. Kh1 Nhg4 20. Ng3 Rg5 21.
Ndxf5 O-O-O 22. h3 h5 23. hxg4 hxg4 24. Kg1 Nf3+ 25. gxf3 gxf3 26. Bxf3 exf3
27. Qxf3 Rdg8 28. Kf2 Bd6 29. Nxd6+ Qxd6 30. Rg1 Rh8 31. Rg2 d4 32. Bxd4 c3
33. Qxf6 Rxg3 34. Qxh8+ {Black forfeits on time} 1-0

[Event "ICC Open 2015"]
[Site "Internet Chess Club"]
[Date "2015.05.30"]
[Round "2"]
[White "Art"]
[Black "balion"]
[Result "1-0"]
[ICCResult "Black resigns"]
[WhiteElo "2284"]
[BlackElo "1560"]
[Opening "Philidor: exchange variation"]
[ECO "C41"]
[NIC "KP.08"]
[Time "14:16:00"]
[TimeControl "180+0"]

1. e4 e5 2. Nf3 d6 3. d4 exd4 4. Nxd4 Be7 5. Nc3 Nf6 6. Bf4 O-O 7. Qd2 c6 8.
O-O-O Qb6 9. Kb1 Nbd7 10. f3 Nc5 11. g4 Ne6 12. Be3 Nxd4 13. Bxd4 c5 14. Be3
Be6 15. g5 Ne8 16. h4 f6 17. Bh3 Bxh3 18. Nd5 Qd8 19. Rxh3 f5 20. h5 Nc7 21.
Nxe7+ Qxe7 22. Qxd6 Qxd6 23. Rxd6 fxe4 24. fxe4 b6 25. b3 Rad8 26. e5 Rde8
27. Rd7 Rf7 28. Rxf7 Kxf7 29. Bf4 Ne6 30. Be3 Kg8 31. g6 h6 32. Rf3 Rf8 33.
Rxf8+ Kxf8 34. Kc1 a6 35. Kd2 b5 36. Kd3 Ke7 37. Ke4 c4 38. Kd5 cxb3 39.
axb3 Ng5 40. c4 Nf3 41. c5 Nh4 42. c6 Nf5 43. Bc5+ Kd8 44. e6 Ne7+ 45. Bxe7+
Kxe7 46. Kc5 {Black resigns} 1-0

[Event "ICC Open 2015"]
[Site "Internet Chess Club"]
[Date "2015.05.30"]
[Round "2"]
[White "RaiseTheCurve"]
[Black "QuintilianoR"]
[Result "0-1"]
[ICCResult "White forfeits on time"]
[WhiteElo "1986"]
[BlackElo "2513"]
[Opening "Van't Kruijs opening"]
[ECO "A00"]
[Time "14:16:34"]
[TimeControl "180+0"]

1. e3 c5 2. f4 Nc6 3. b3 d6 4. Bb2 e5 5. fxe5 dxe5 6. Nf3 Bd6 7. Bb5 Bd7 8.
O-O Nge7 9. Nc3 Ng6 10. Ne4 Be7 11. d4 cxd4 12. exd4 O-O 13. d5 Qb6+ 14. Kh1
Qxb5 15. c4 Qb6 16. dxc6 Bxc6 17. Qe2 Nf4 18. Qc2 f6 19. Rae1 Rad8 20. c5
Qa6 21. Ng3 Nd3 22. Rb1 Bxc5 23. Nf5 Be4 24. N3h4 Nf2+ 25. Rxf2 Bxc2 26.
Rxc2 b6 27. b4 Bxb4 28. Bxe5 fxe5 {White forfeits on time} 0-1

[Event "ICC Open 2015"]
[Site "Internet Chess Club"]
[Date "2015.05.30"]
[Round "2"]
[White "Adonis"]
[Black "muhit"]
[Result "1-0"]
[ICCResult "Black forfeits on time"]
[WhiteElo "2619"]
[BlackElo "2026"]
[Opening "Nimzo-Indian: Kmoch variation"]
[ECO "E20"]
[NIC "NI.30"]
[Time "14:16:34"]
[TimeControl "180+0"]

1. d4 Nf6 2. c4 e6 3. Nc3 Bb4 4. f3 d5 5. a3 Bxc3+ 6. bxc3 O-O 7. e3 b6 8.
Bd3 Bb7 9. Ne2 Nc6 10. O-O Na5 11. cxd5 exd5 12. Ng3 c5 13. dxc5 bxc5 14.
Rb1 c4 15. Bc2 Bc8 16. e4 dxe4 17. Nxe4 Be6 18. Qxd8 Rfxd8 19. Nxf6+ gxf6
20. Bf4 Nb3 21. Rfd1 Kg7 22. Kf2 Nc5 23. Rxd8 Rxd8 24. Be3 Nd3+ 25. Ke2 Rd7
26. Rb8 f5 27. Ra8 f4 28. Bd4+ f6 29. Rxa7 Rxa7 30. Bxa7 Nc1+ 31. Kd1 Nb3
32. Bb6 Bd5 33. a4 h5 34. a5 Bb7 35. Bxb3 cxb3 36. Kc1 Ba6 37. Kb2
{Black forfeits on time}
1-0

[Event "ICC Open 2015"]
[Site "Internet Chess Club"]
[Date "2015.05.30"]
[Round "2"]
[White "delerio"]
[Black "The7thGuest"]
[Result "1/2-1/2"]
[ICCResult "Game drawn because neither player has mating material"]
[WhiteElo "2617"]
[BlackElo "2046"]
[Opening "Old Benoni defense"]
[ECO "A43"]
[NIC "OI.09"]
[Time "14:16:25"]
[TimeControl "180+0"]

1. d4 c5 2. d5 b5 3. e4 a6 4. c4 b4 5. Nf3 d6 6. a3 bxa3 7. Rxa3 g6 8. Bd2
Bg7 9. Bc3 Nf6 10. Nbd2 O-O 11. Bd3 e6 12. O-O exd5 13. cxd5 Nbd7 14. Nc4
Ne8 15. Qa1 Bxc3 16. bxc3 Nb6 17. Na5 Bd7 18. Rb1 Ng7 19. Nc6 Bxc6 20. dxc6
c4 21. Bc2 d5 22. Rxa6 dxe4 23. Bxe4 Rxa6 24. Qxa6 Nd5 25. Rd1 Nc7 26. Rxd8
Nxa6 27. Rxf8+ Kxf8 28. Ne5 Ne6 29. Nxc4 Nac5 30. Bd5 Nc7 31. Bf3 Ke7 32.
Kf1 f5 33. h4 N5e6 34. g3 Nb5 35. Ne5 Nxc3 36. Ke1 Ne4 37. Bxe4 fxe4 38. Ke2
Kd6 39. Nf7+ Kxc6 40. Ke3 Kd5 41. g4 Nc5 42. Ng5 h5 43. gxh5 gxh5 44. Nh3
Ke5 45. Nf4 Kf5 46. Nxh5 Kg4 47. Nf6+ Kxh4 48. Nxe4 Ne6 49. Nd6 Kg4 50. f3+
Kg5 51. Ke4 Nc5+ 52. Ke3 Ne6 53. Nc4 Kf5 54. Nd2 Ng5 55. f4 Ne6 56. Nf3 Nxf4
{Game drawn because neither player has mating material}
1/2-1/2

[Event "ICC Open 2015"]
[Site "Internet Chess Club"]
[Date "2015.05.30"]
[Round "2"]
[White "Supermodel"]
[Black "WhitsellF"]
[Result "1-0"]
[ICCResult "Black forfeits on time"]
[WhiteElo "2259"]
[BlackElo "1550"]
[Opening "Dutch"]
[ECO "A80"]
[NIC "HD.12"]
[Time "14:16:29"]
[TimeControl "180+0"]

1. d4 f5 2. Nc3 Nf6 3. Bg5 Nc6 4. Nf3 d5 5. e3 e6 6. Bd3 Be7 7. h4 Nb4 8.
Be2 a5 9. a3 Na6 10. Bd3 c5 11. dxc5 Nxc5 12. Bb5+ Bd7 13. Ne5 Bxb5 14. Nxb5
O-O 15. O-O Nfe4 16. Bxe7 Qxe7 17. g3 b6 18. Nd4 Rac8 19. Qe2 Na4 20. c3
Nac5 21. Kg2 Qd6 22. Ndf3 Nd7 23. Nxd7 Qxd7 24. Ne5 Qd6 25. f4 g6 26. Rh1
Nf6 27. Rad1 h5 28. Nc4 Qc5 29. Ne5 Qd6 30. Nxg6 Rfd8 31. Ne5 Kg7 32. Nf3
Rg8 33. Ng5 Ne4 34. Qxh5 Nxg5 35. hxg5 Rh8 36. Qf3 Rxh1 37. Rxh1 Rh8 38.
Rh7+ {Black forfeits on time} 1-0

[Event "ICC Open 2015"]
[Site "Internet Chess Club"]
[Date "2015.05.30"]
[Round "2"]
[White "Snerk"]
[Black "AlexSlizhevsky"]
[Result "0-1"]
[ICCResult "White forfeits on time"]
[WhiteElo "1501"]
[BlackElo "2010"]
[Opening "King's Indian: Torre attack"]
[ECO "A48"]
[NIC "QP.01"]
[Time "14:15:41"]
[TimeControl "180+0"]

1. d4 Nf6 2. Nf3 g6 3. Bg5 Bg7 4. Bxf6 Bxf6 5. g3 O-O 6. Bg2 d6 7. O-O Nc6
8. c3 e5 9. dxe5 Nxe5 10. e4 Bg4 11. Nbd2 Re8 12. h3 Nxf3+ 13. Nxf3 Bd7 14.
Re1 Bg7 15. Qb3 Be6 16. Qc2 c6 17. a3 Qc7 18. Nd4 Bd7 19. Rad1 Rad8 20. f3
a6 21. Kh2 Bc8 22. f4 h5 23. Nf3 Re7 24. h4 Rde8 25. Ng5 Bg4 26. Rd2 Bh6 27.
Bf3 Bxg5 28. Bxg4 Bxf4 29. gxf4 hxg4 30. Kg3 Qd7 31. e5 d5 32. c4 Qe6 33.
cxd5 cxd5 34. Qc5 Rd7 35. Red1 Red8 36. b4 f6 37. exf6 Qxf6 38. Kxg4 Qf5+
39. Kg3 Re8 40. Rxd5 Rxd5 41. Qxd5+ Qxd5 42. Rxd5 Re3+ 43. Kg4 Rxa3 44. Rd8+
Kf7 45. Rd7+ Ke6 46. Rxb7 Rb3 47. Rb6+ Kd5 48. Rxa6 Kc4 {White forfeits on
time} 0-1

[Event "ICC Open 2015"]
[Site "Internet Chess Club"]
[Date "2015.05.30"]
[Round "2"]
[White "Massarioli"]
[Black "CrossShark"]
[Result "1-0"]
[ICCResult "Black forfeits on time"]
[WhiteElo "2143"]
[BlackElo "2699"]
[Opening "Queen's Indian: Nimzovich variation (exaggerated fianchetto)"]
[ECO "E15"]
[NIC "QI.05"]
[Time "14:15:37"]
[TimeControl "180+0"]

1. d4 e6 2. c4 Nf6 3. Nf3 b6 4. g3 Ba6 5. b3 Bb7 6. Bg2 Bb4+ 7. Bd2 a5 8.
O-O O-O 9. Bxb4 axb4 10. a4 c5 11. Nbd2 Nc6 12. Ne5 cxd4 13. Ndf3 Nxe5 14.
Nxe5 Bxg2 15. Kxg2 d6 16. Nc6 Qd7 17. Nxd4 Rfd8 18. Nb5 Rac8 19. Qd3 d5 20.
cxd5 Nxd5 21. Rfd1 Qe7 22. Qe4 Qf6 23. Rac1 Rxc1 24. Rxc1 g6 25. Qf3 Qe5 26.
Rc4 Kg7 27. e3 Qb2 28. Nd4 e5 29. Nc6 Rd6 30. Qe4 Rf6 31. Qc2 Qa1 32. Qc1
Qa2 33. Qc2 Qa1 34. Qc1 Qxc1 35. Rxc1 Nc3 36. Nxb4 Ne4 37. Rc2 Rd6 38. Nc6
f6 39. Nb4 Nc5 40. a5 bxa5 41. Rxc5 axb4 42. Rb5 Rd2 43. Rxb4 Rb2 44. Rb7+
Kh6 45. b4 e4 46. b5 f5 47. h4 Rb3 48. b6 Rb4 49. Rb8 Rb5 50. b7 Rb1 51. Kh2
Rb2 52. Kg2 Rb1 53. Kh2 Rb5 54. Kg2 Rb6 55. Rc8 Rxb7 56. Rc1 Re7 57. Rf1 Re5
58. Rg1 f4 59. Rh1 f3+ 60. Kh2 Rf5 61. Kh3 Rh5 62. Rh2 g5 63. g4 Rxh4+ 64.
Kg3 Rxh2 65. Kxh2 Kg6 66. Kh1 h5 67. Kh2 h4 68. Kh3 Kf6 69. Kh2 Ke5 70. Kh3
Kd5 71. Kh2 Kc4 72. Kg1 Kd3 73. Kf1 Kd2 74. Kg1 Kd1 75. Kh2 Ke1 76. Kh3 Kxf2
77. Kh2 {Black forfeits on time} 1-0

[Event "ICC Open 2015"]
[Site "Internet Chess Club"]
[Date "2015.05.30"]
[Round "2"]
[White "Biglittlefish"]
[Black "Piranha"]
[Result "1-0"]
[ICCResult "Black forfeits on time"]
[WhiteElo "1322"]
[BlackElo "1749"]
[Opening "Dutch"]
[ECO "A80"]
[NIC "HD.12"]
[Time "14:15:55"]
[TimeControl "180+0"]

1. d4 f5 2. Nf3 Nf6 3. c4 g6 4. Nc3 Bg7 5. Bg5 d6 6. e3 O-O 7. Be2 c6 8. O-O
Qe8 9. Qb3 Kh8 10. Rac1 e5 11. dxe5 dxe5 12. c5 h6 13. Bxf6 Bxf6 14. Qc4 Na6
15. b4 Be6 16. Qd3 Nxb4 17. Qb1 a5 18. a3 Na6 19. Qxb7 Nxc5 20. Qb6 Qe7 21.
Na2 Nb3 22. Rxc6 Rfe8 23. Nc3 Rab8 24. Qa6 a4 25. Bb5 Nc5 26. Qa5 Bd7 27.
Rxf6 Qxf6 28. Bxd7 Nxd7 29. Nd5 Qe6 30. Nc7 Qb6 31. Qxb6 Rxb6 32. Nxe8 Rb3
33. Rd1 Nc5 34. h3 Kg8 35. Nf6+ Kf7 36. Nd5 Ke6 37. Nb4 Rxa3 38. Rc1 Nb3 39.
Rc6+ Ke7 40. Rxg6 Ra1+ 41. Kh2 e4 42. Nd4 Nd2 43. Rxh6 f4 44. Rh7+ Kd6 45.
Nf5+ Ke5 46. Rh5 fxe3 47. fxe3 Nf1+ 48. Kg1 Nd2+ 49. Kf2 Nc4 50. Ng3+ Kd6
51. Nxe4+ Kc7 52. Nc5 Nb2 53. Nd5+ {Black forfeits on time} 1-0

[Event "ICC Open 2015"]
[Site "Internet Chess Club"]
[Date "2015.05.30"]
[Round "2"]
[White "sanjithc"]
[Black "TapculescuM"]
[Result "1-0"]
[ICCResult "Black forfeits on time"]
[WhiteElo "1787"]
[BlackElo "1816"]
[Opening "Sicilian: Scheveningen variation"]
[ECO "B80"]
[NIC "SI.19"]
[Time "14:16:00"]
[TimeControl "180+0"]

1. e4 c5 2. Nf3 e6 3. d4 cxd4 4. Nxd4 Nf6 5. Nc3 d6 6. Be3 a6 7. Be2 Be7 8.
f4 O-O 9. h4 Qc7 10. h5 h6 11. g4 Nh7 12. g5 hxg5 13. fxg5 Bxg5 14. Qd2 Bxe3
15. Qxe3 Nc6 16. Rg1 Nxd4 17. Qxd4 e5 18. Qf2 f5 19. h6 Rf7 20. Nd5 Qxc2 21.
Ne3 Qxb2 22. Rd1 Qb4+ 23. Kf1 Qxe4 24. Rxd6 f4 25. Rd8+ Nf8 26. Ng4 f3 27.
Nf6+ Kh8 28. hxg7+ Rxg7 29. Rh1+ Rh7 30. Rxf8+ Kg7 31. Rg8+ Kxf6 32. Rxh7
Qb1+ 33. Qe1 fxe2+ 34. Kxe2 Qxh7 35. Qf2+ Ke7 36. Qf8+ Kd7 37. Rg7+ Qxg7 38.
Qxg7+ Kc6 39. Qf6+ Kd5 40. Qd8+ Ke6 41. Qb6+ Kf5 42. Ke3 Be6 43. Qc5 Rd8 44.
Qc2+ Kf6 45. Qf2+ Bf5 46. Qh4+ {Black forfeits on time} 1-0

[Event "ICC Open 2015"]
[Site "Internet Chess Club"]
[Date "2015.05.30"]
[Round "2"]
[White "waynerooney"]
[Black "bythebook"]
[Result "1-0"]
[ICCResult "Black forfeits on time"]
[WhiteElo "1972"]
[BlackElo "1634"]
[Opening "Caro-Kann: anti-anti-Caro-Kann defense"]
[ECO "B10"]
[NIC "CK.01"]
[Time "14:16:16"]
[TimeControl "180+0"]

1. e4 c6 2. c4 d5 3. cxd5 cxd5 4. exd5 Nf6 5. d4 Nxd5 6. Nc3 Nc6 7. Bc4 Nb6
8. Bb5 a6 9. Bxc6+ bxc6 10. Nf3 g6 11. O-O Bg7 12. Re1 O-O 13. Bg5 Re8 14.
Ne5 Qc7 15. Qf3 f6 16. Nxc6 fxg5 17. Nd5 Nxd5 18. Qxd5+ e6 19. Ne7+ Qxe7 20.
Qxa8 Bxd4 21. Qe4 Qf6 22. Re2 Bxb2 23. Rd1 Rf8 24. Qc4 Be5 25. Qe4 Bc7 26.
g3 Bb6 27. Rf1 Bd4 28. Qg2 e5 29. Qe4 Bf5 30. Qd5+ Be6 31. Qg2 Qf7 32. Qe4
Bd5 33. Qxd5 {Black forfeits on time} 1-0

[Event "ICC Open 2015"]
[Site "Internet Chess Club"]
[Date "2015.05.30"]
[Round "2"]
[White "centrepawn"]
[Black "ultramagic1"]
[Result "0-1"]
[ICCResult "White forfeits on time"]
[WhiteElo "1278"]
[BlackElo "1769"]
[Opening "French defense"]
[ECO "C00"]
[NIC "FR.01"]
[Time "14:16:18"]
[TimeControl "180+0"]

1. e4 e6 2. Nf3 d5 3. exd5 exd5 4. d4 Nf6 5. Bd3 Bd6 6. c3 O-O 7. Be3 c6 8.
O-O Bg4 9. h3 Bh5 10. Nbd2 Nbd7 11. Qc2 Qc7 12. Ne5 Bxe5 13. dxe5 Qxe5 14.
Bd4 Qd6 15. f4 Bg6 16. Bxg6 hxg6 17. f5 gxf5 18. Qxf5 Rae8 19. Rf4 Ne4 20.
Nxe4 dxe4 21. Bxg7 Kxg7 {White forfeits on time} 0-1

[Event "ICC Open 2015"]
[Site "Internet Chess Club"]
[Date "2015.05.30"]
[Round "2"]
[White "DrSteelHammer"]
[Black "plotkin"]
[Result "1-0"]
[ICCResult "Black resigns"]
[WhiteElo "3187"]
[BlackElo "2347"]
[Opening "QGD semi-Slav: 5.e3"]
[ECO "D45"]
[NIC "SL.08"]
[Time "14:16:33"]
[TimeControl "180+0"]

1. d4 Nf6 2. c4 e6 3. Nc3 d5 4. Nf3 c6 5. e3 Be7 6. Qc2 O-O 7. Bd3 dxc4 8.
Bxc4 a6 9. O-O b5 10. Bd3 Nbd7 11. Ne4 Bb7 12. Nxf6+ Nxf6 13. Rd1 Rc8 14.
Qe2 Qb6 15. a4 b4 16. a5 Qc7 17. Bd2 Ra8 18. e4 Rfd8 19. e5 Nd5 20. Ng5 Bxg5
21. Bxg5 Rd7 22. Rdc1 h6 23. Be3 Nxe3 24. fxe3 Qd8 25. Be4 Rc8 26. Rc5 f5
27. Bf3 g5 28. g3 g4 29. Bg2 Qg5 30. Qf2 h5 31. Qf4 Qxf4 32. gxf4 h4 33. Ra4
Ba8 34. Rxb4 Rb7 35. Rxb7 Bxb7 36. Bf1 Kf7 37. Rc3 Ke7 38. Rb3 Ba8 39. Bxa6
Rc7 40. Ra3 c5 41. Rc3 Ra7 42. Bf1 cxd4 43. exd4 Rxa5 44. Ra3 Rxa3 45. bxa3
g3 46. hxg3 hxg3 47. Bg2 Be4 48. Bxe4 fxe4 49. Kg2 e3 50. Kxg3 {Black
resigns} 1-0

[Event "ICC Open 2015"]
[Site "Internet Chess Club"]
[Date "2015.05.30"]
[Round "2"]
[White "chessdi"]
[Black "PCC"]
[Result "1-0"]
[ICCResult "Black resigns"]
[WhiteElo "2394"]
[BlackElo "1838"]
[Opening "Queen's Indian: Nimzovich variation (exaggerated fianchetto)"]
[ECO "E15"]
[NIC "QI.05"]
[Time "14:16:36"]
[TimeControl "180+0"]

1. d4 Nf6 2. c4 e6 3. Nf3 b6 4. g3 Ba6 5. b3 Bb4+ 6. Bd2 Be7 7. Bg2 c6 8.
Nc3 d5 9. Ne5 Nfd7 10. Nxd7 Nxd7 11. O-O O-O 12. e4 dxc4 13. Qe2 c5 14. d5
Ne5 15. f4 Nd3 16. bxc4 Nb2 17. Rfe1 Nxc4 18. Rad1 Qc8 19. Bc1 Rd8 20. dxe6
fxe6 21. Qg4 Bb7 22. Bh3 e5 23. Qe6+ Kh8 24. Qxe7 Rxd1 25. Bxc8 Rxe1+ 26.
Kf2 Rxc8 27. Kxe1 Na5 28. fxe5 h6 29. e6 Bc6 30. Nd5 Re8 31. Qf7 Nc4 32.
Bxh6 gxh6 33. Nf6 Bxe4 34. Qxe8+ Kg7 35. Qf7+ {Black resigns} 1-0